SAAA
SIOUX FALLS RED PANDAS @ FOREST CITY WARRIORS
06/07/2048
 
TOP OF THE 1ST
Sioux Falls Red Pandas batting - Pitching for Forest City Warriors : RHP Claude Stevens
Pitching: RHP Claude Stevens
Batting: RHB Danny Hensley 0-0: Ball
1-0: DOUBLE (Line Drive, 9LM, EV 96.9 MPH)
Batting: RHB Luis Santos 0-0: DOUBLE (Line Drive, 7LM, EV 100.6 MPH)
Danny Hensley scores
Batting: LHB Benjamin Bays 0-0: Ground out 5-3 (Groundball, 15, EV 88.8 MPH)
Batting: RHB Ángelo Delgado 0-0: Called Strike
0-1: Ball
1-1: Ball
2-1: Ball
3-1: Base on Balls
Batting: LHB Alonso Romo 0-0: Called Strike
0-1: Swinging Strike
0-2: Ball
1-2: Ball
2-2: Foul Ball, location: 2F
2-2: Strikes out swinging
Batting: SHB Rich Dalzell 0-0: Foul Ball, location: 2F
0-1: Swinging Strike
0-2: Ball
1-2: Ball
2-2: SINGLE (Line Drive, 9S, EV 108.8 MPH)
Luis Santos to third
Ángelo Delgado to second
Batting: LHB Marcos Vargas 0-0: Swinging Strike
0-1: Ground out 4-3 (Groundball, 34D, EV 83.1 MPH)
Top of the 1st over - 1 run, 3 hits, 0 errors, 3 left on base; Sioux Falls 1 - Forest City 0
BOTTOM OF THE 1ST
Forest City Warriors batting - Pitching for Sioux Falls Red Pandas : RHP Will Bass
Pitching: RHP Will Bass
Batting: LHB Carlos Velardes 0-0: SINGLE (Groundball, 13S, EV 70.0 MPH) (infield hit)
Batting: LHB Takahashi Yano 0-0: Called Strike
0-1: Swinging Strike
0-2: Ball
1-2: Ball
2-2: Foul Ball, location: 2F
2-2: Ball
3-2: Strikes out looking
Batting: LHB Scott Bissonnette 0-0: Swinging Strike
0-1: Foul Ball, location: 2F
0-2: Foul Ball, location: 2F
0-2: Ball
1-2: Ball
2-2: Strikes out swinging
Batting: LHB Rommel Fflunker 0-0: Ball
1-0: Fly out, F9 (Flyball, 89M, EV 86.2 MPH)
Bottom of the 1st over - 0 runs, 1 hit, 0 errors, 1 left on base; Sioux Falls 1 - Forest City 0
TOP OF THE 2ND
Sioux Falls Red Pandas batting - Pitching for Forest City Warriors : RHP Claude Stevens
Batting: LHB Ron Whitney 0-0: Ball
1-0: Ball
2-0: Ball
3-0: Called Strike
3-1: Base on Balls
Batting: RHB Ray Barrett 0-0: Ball
1-0: Fielders Choice at 2nd, 5-4 (Groundball, 56, EV 86.2 MPH)
Batting: RHB Danny Hensley 0-0: Ball
Ray Barrett steals 2nd base
1-0: Ground out 6-3 (Groundball, 6, EV 101.9 MPH)
Batting: RHB Luis Santos 0-0: Called Strike
0-1: Swinging Strike
0-2: Ball
1-2: SINGLE (Line Drive, 7LS, EV 88.1 MPH)
Ray Barrett to third
Runner from 3rd tries for Home, SAFE, throw by LF to home
Batting: LHB Benjamin Bays 0-0: Ball
1-0: Fly out, F8 (Flyball, 8LS, EV 81.9 MPH)
Top of the 2nd over - 1 run, 1 hit, 0 errors, 1 left on base; Sioux Falls 2 - Forest City 0
BOTTOM OF THE 2ND
Forest City Warriors batting - Pitching for Sioux Falls Red Pandas : RHP Will Bass
Batting: RHB Jesse Groves 0-0: Foul Ball, location: 2F
0-1: Ball
1-1: Swinging Strike
1-2: Ball
2-2: Ground out 4-3 (Groundball, 4, EV 85.6 MPH)
Batting: RHB Roland Thomas 0-0: Ball
1-0: Ball
2-0: Ball
3-0: Base on Balls
Batting: LHB Ben Walters 0-0: Called Strike
0-1: Called Strike
Roland Thomas is caught stealing 2nd base 2-6
0-2: Ball
1-2: Ball
2-2: Ground out U3 (Groundball, 3, EV 92.5 MPH)
Bottom of the 2nd over - 0 runs, 0 hits, 0 errors, 0 left on base; Sioux Falls 2 - Forest City 0
TOP OF THE 3RD
Sioux Falls Red Pandas batting - Pitching for Forest City Warriors : RHP Claude Stevens
Batting: RHB Ángelo Delgado 0-0: Called Strike
0-1: Ball
1-1: Ball
2-1: Called Strike
2-2: Strikes out swinging
Batting: LHB Alonso Romo 0-0: Called Strike
0-1: Ball
1-1: Ground out 6-3 (Groundball, 4MS, EV 90.0 MPH)
Batting: SHB Rich Dalzell 0-0: Called Strike
0-1: Ball
1-1: Called Strike
1-2: Ball
2-2: Ball
3-2: Base on Balls
Batting: LHB Marcos Vargas 0-0: Ball
1-0: Called Strike
Rich Dalzell steals 2nd base (no throw)
1-1: Swinging Strike
1-2: Foul Ball, location: 2F
1-2: Ball
2-2: Fly out, F7 (Flyball, 7D, EV 83.1 MPH)
Top of the 3rd over - 0 runs, 0 hits, 0 errors, 1 left on base; Sioux Falls 2 - Forest City 0
BOTTOM OF THE 3RD
Forest City Warriors batting - Pitching for Sioux Falls Red Pandas : RHP Will Bass
Batting: RHB Jesús Velázquez 0-0: Ball
1-0: Ball
2-0: Called Strike
2-1: Called Strike
2-2: Ball
3-2: Base on Balls
Batting: RHB Tim Hendricks 0-0: Ball
Jesús Velázquez is caught stealing 2nd base 2-4
1-0: Ball
2-0: Foul Ball, location: 2F
2-1: Ball
3-1: Called Strike
3-2: Foul Ball, location: 2F
3-2: Reached on error, E5 (Groundball, 56, EV 86.2 MPH)
Batting: LHB Carlos Velardes 0-0: Called Strike
0-1: Ball
1-1: Ground out 6-3 (Groundball, 56D, EV 104.4 MPH)
Tim Hendricks to second
Batting: LHB Takahashi Yano 0-0: Foul Ball, location: 2F
0-1: Called Strike
0-2: Ball
1-2: SINGLE (Line Drive, 8LS, EV 100.6 MPH)
Tim Hendricks to third
Batting: LHB Scott Bissonnette 0-0: Ball
Takahashi Yano is caught stealing 2nd base 2-6
Bottom of the 3rd over - 0 runs, 1 hit, 1 error, 1 left on base; Sioux Falls 2 - Forest City 0
TOP OF THE 4TH
Sioux Falls Red Pandas batting - Pitching for Forest City Warriors : RHP Claude Stevens
Batting: LHB Ron Whitney 0-0: Ball
1-0: Called Strike
1-1: Foul Ball, location: 2F
1-2: Ball
2-2: Foul Ball, location: 2F
2-2: Fly out, F7 (Flyball, 7D, EV 82.5 MPH)
Batting: RHB Ray Barrett 0-0: Ball
1-0: Ball
2-0: Foul Ball, location: 2F
2-1: Foul Ball, location: 2F
2-2: Fly out, F4 (Popup, 34, EV 50.0 MPH)
Batting: RHB Danny Hensley 0-0: Foul Ball, location: 2F
0-1: Ground out U3 (Groundball, 34S, EV 87.5 MPH)
Top of the 4th over - 0 runs, 0 hits, 0 errors, 0 left on base; Sioux Falls 2 - Forest City 0
BOTTOM OF THE 4TH
Forest City Warriors batting - Pitching for Sioux Falls Red Pandas : RHP Will Bass
Batting: LHB Scott Bissonnette 0-0: Fly out, F4 (Popup, 3D, EV 65.6 MPH)
Batting: LHB Rommel Fflunker 0-0: Ball
1-0: Foul Ball, location: 2F
1-1: Fly out, F6 (Popup, 6, EV 67.5 MPH)
Batting: RHB Jesse Groves 0-0: Ground out 4-3 (Groundball, 4D, EV 90.0 MPH)
Bottom of the 4th over - 0 runs, 0 hits, 0 errors, 0 left on base; Sioux Falls 2 - Forest City 0
TOP OF THE 5TH
Sioux Falls Red Pandas batting - Pitching for Forest City Warriors : RHP Claude Stevens
Batting: RHB Luis Santos 0-0: Fly out, F8 (Flyball, 89XD, EV 70.0 MPH)
Batting: LHB Benjamin Bays 0-0: Called Strike
0-1: Swinging Strike
0-2: Foul Ball, location: 2F
0-2: Ball
1-2: Fly out, F7 (Line Drive, 7D, EV 89.4 MPH)
Batting: RHB Ángelo Delgado 0-0: Called Strike
0-1: Ball
1-1: Called Strike
1-2: Fly out, F6 (Popup, 15S, EV 91.9 MPH)
Top of the 5th over - 0 runs, 0 hits, 0 errors, 0 left on base; Sioux Falls 2 - Forest City 0
BOTTOM OF THE 5TH
Forest City Warriors batting - Pitching for Sioux Falls Red Pandas : RHP Will Bass
Batting: RHB Roland Thomas 0-0: Ball
1-0: SINGLE (Groundball, 56D, EV 100.0 MPH) (infield hit)
Batting: LHB Ben Walters 0-0: Grounds into double play, 4-6-3 (Groundball, 34, EV 81.2 MPH)
Batting: RHB Jesús Velázquez 0-0: Ground out 6-3 (Groundball, 6, EV 81.9 MPH)
Bottom of the 5th over - 0 runs, 1 hit, 0 errors, 0 left on base; Sioux Falls 2 - Forest City 0
TOP OF THE 6TH
Sioux Falls Red Pandas batting - Pitching for Forest City Warriors : RHP Claude Stevens
Batting: LHB Alonso Romo 0-0: Ball
1-0: Fly out, F7 (Flyball, 7S, EV 93.1 MPH)
Batting: SHB Rich Dalzell 0-0: Ball
1-0: Ball
2-0: Called Strike
2-1: Ball
3-1: Foul Ball, location: 2F
3-2: Strikes out looking
Batting: LHB Marcos Vargas 0-0: Foul Ball, location: 2F
0-1: Foul Ball, location: 2F
0-2: Strikes out swinging
Top of the 6th over - 0 runs, 0 hits, 0 errors, 0 left on base; Sioux Falls 2 - Forest City 0
BOTTOM OF THE 6TH
Forest City Warriors batting - Pitching for Sioux Falls Red Pandas : RHP Will Bass
Batting: RHB Tim Hendricks 0-0: Ball
1-0: Ball
2-0: Foul Ball, location: 2F
2-1: Ball
3-1: Swinging Strike
3-2: Foul Ball, location: 2F
3-2: Fly out, F9 (Flyball, 9D, EV 109.4 MPH)
Batting: LHB Carlos Velardes 0-0: Fly out, F7 (Line Drive, 7, EV 105.6 MPH)
Batting: LHB Takahashi Yano 0-0: Ball
1-0: Ball
2-0: SINGLE (Flyball, 8LS, EV 86.9 MPH)
Batting: LHB Scott Bissonnette 0-0: Called Strike
0-1: Ball
1-1: Called Strike
Takahashi Yano steals 2nd base
1-2: Foul Ball, location: 2F
1-2: Ball
2-2: Foul Ball, location: 2F
2-2: Foul Ball, location: 2F
2-2: Ground out 3-1 (Groundball, 34, EV 81.9 MPH)
Bottom of the 6th over - 0 runs, 1 hit, 0 errors, 1 left on base; Sioux Falls 2 - Forest City 0
TOP OF THE 7TH
Sioux Falls Red Pandas batting - Pitching for Forest City Warriors : RHP Claude Stevens
Batting: LHB Ron Whitney 0-0: Ball
1-0: Ball
2-0: Ball
3-0: Called Strike
3-1: Base on Balls
Batting: RHB Ray Barrett 0-0: Sac Bunt to 13 - play at first, batter OUT! 1-3
Ron Whitney to second
Batting: RHB Danny Hensley 0-0: Called Strike
0-1: Ball
1-1: Swinging Strike
1-2: Ball
2-2: Foul Ball, location: 2F
2-2: Ball
3-2: Strikes out looking
Batting: RHB Luis Santos 0-0: Fly out, F9 (Flyball, 9S, EV 80.6 MPH)
Top of the 7th over - 0 runs, 0 hits, 0 errors, 1 left on base; Sioux Falls 2 - Forest City 0
BOTTOM OF THE 7TH
Forest City Warriors batting - Pitching for Sioux Falls Red Pandas : RHP Will Bass
Batting: LHB Rommel Fflunker 0-0: Ball
1-0: Ball
2-0: Called Strike
2-1: Ball
3-1: Foul Ball, location: 2F
3-2: Foul Ball, location: 2F
3-2: Foul Ball, location: 2F
3-2: DOUBLE (Groundball, 3L, EV 98.1 MPH)
Batting: RHB Jesse Groves 0-0: Ground out U3 (Groundball, 3L, EV 81.2 MPH)
Rommel Fflunker to third
Batting: RHB Roland Thomas 0-0: Called Strike
0-1: Swinging Strike
0-2: Ball
1-2: Ball
2-2: Foul Ball, location: 2F
2-2: Ball
3-2: SINGLE (Line Drive, 9LS, EV 101.2 MPH)
Rommel Fflunker scores
Pitching: RHP Edmond McCord
Batting: LHB Ben Walters 0-0: Called Strike
0-1: Ball
1-1: Foul Ball, location: 2F
1-2: Fielders Choice at 2nd, 6-4 (Groundball, 6MD, EV 86.2 MPH)
Pinch Hitting: SHB Miguel Lajara 0-0: Ground out 5-3 (Groundball, 56S, EV 89.4 MPH)
Bottom of the 7th over - 1 run, 2 hits, 0 errors, 1 left on base; Sioux Falls 2 - Forest City 1
TOP OF THE 8TH
Sioux Falls Red Pandas batting - Pitching for Forest City Warriors : RHP Claude Stevens
Pitching: LHP Ramón Sánchez
Now at SS: Clay Myers
Batting: LHB Benjamin Bays 0-0: Called Strike
0-1: Swinging Strike
0-2: Strikes out swinging
Batting: RHB Ángelo Delgado 0-0: Ball
1-0: Ball
2-0: Foul Ball, location: 2F
2-1: Foul Ball, location: 2F
2-2: Foul Ball, location: 2F
2-2: Foul Ball, location: 2F
2-2: SOLO HOME RUN (Flyball, 7D, EV 100.6 MPH), Distance : 377 ft
Batting: LHB Alonso Romo 0-0: Ball
1-0: Ball
2-0: Foul Ball, location: 2F
2-1: DOUBLE (Line Drive, 9LS, EV 92.5 MPH)
Batting: SHB Rich Dalzell 0-0: Intentional Walk
Pinch Hitting: RHB Ming-an Yin 0-0: Called Strike
0-1: Fly out, F7 (Flyball, 78S, EV 85.6 MPH)
Batting: LHB Ron Whitney 0-0: Foul Ball, location: 2F
0-1: Called Strike
0-2: Foul Ball, location: 2F
0-2: Ball
1-2: Strikes out looking
Top of the 8th over - 1 run, 2 hits, 0 errors, 2 left on base; Sioux Falls 3 - Forest City 1
BOTTOM OF THE 8TH
Forest City Warriors batting - Pitching for Sioux Falls Red Pandas : RHP Edmond McCord
Now at 1B: Andrew Gray
Batting: RHB Tim Hendricks 0-0: Ball
1-0: Ball
2-0: Called Strike
2-1: Foul Ball, location: 2F
2-2: Foul Ball, location: 2F
2-2: Ball
3-2: Ground out 6-3 (Groundball, 6, EV 101.2 MPH)
Batting: LHB Carlos Velardes 0-0: Ball
1-0: Called Strike
1-1: Called Strike
1-2: SINGLE (Groundball, P, EV 86.9 MPH) (infield hit)
Batting: LHB Takahashi Yano 0-0: Called Strike
0-1: Foul Ball, location: 2F
0-2: DOUBLE (Line Drive, 7LM, EV 103.8 MPH)
Carlos Velardes to third
Batting: LHB Scott Bissonnette 0-0: Ball
1-0: Called Strike
1-1: Ball
2-1: SINGLE (Flyball, 8RS, EV 84.4 MPH)
Carlos Velardes scores
Takahashi Yano to third
Batting: LHB Rommel Fflunker 0-0: Ball
1-0: Fly out, F9 (Flyball, 89S, EV 90.6 MPH)
Batting: RHB Jesse Groves 0-0: Ball
1-0: Called Strike
1-1: Ground out 6-3 (Groundball, 6MS, EV 83.8 MPH)
Bottom of the 8th over - 1 run, 3 hits, 0 errors, 2 left on base; Sioux Falls 3 - Forest City 2
TOP OF THE 9TH
Sioux Falls Red Pandas batting - Pitching for Forest City Warriors : LHP Ramón Sánchez
Batting: RHB Ray Barrett 0-0: Ball
1-0: Ball
2-0: SINGLE (Line Drive, 89S, EV 91.2 MPH)
Pitching: RHP Sean Jones
Batting: RHB Danny Hensley 0-0: Ball
1-0: Ball
2-0: SINGLE (Line Drive, 9LD, EV 105.0 MPH)
Ray Barrett to second
Batting: RHB Luis Santos 0-0: Ball
1-0: Ball
2-0: Called Strike
2-1: Fly out, F9 (Flyball, 89S, EV 95.6 MPH)
Batting: LHB Benjamin Bays 0-0: Ball
1-0: Ball
2-0: Foul Ball, location: 2F
2-1: Ball
3-1: SINGLE (Flyball, 5D, EV 95.6 MPH)
Ray Barrett to third
Danny Hensley to second
Pinch Hitting: LHB Ramiro Curran 0-0: Ball
1-0: Foul Ball, location: 2F
1-1: Ball
2-1: Ball
3-1: Base on Balls
Ray Barrett scores
Danny Hensley to third
Benjamin Bays to second
Batting: LHB Alonso Romo 0-0: Ball
1-0: Called Strike
1-1: Ball
2-1: Ball
3-1: Base on Balls
Danny Hensley scores
Benjamin Bays to third
Ramiro Curran to second
Batting: SHB Rich Dalzell 0-0: Called Strike
0-1: Swinging Strike
0-2: Strikes out looking
Pitching: RHP Fredrick Shive
Batting: LHB Andrew Gray 0-0: Ball
1-0: Swinging Strike
1-1: Foul Ball, location: 2F
1-2: Ball
2-2: Strikes out swinging
Top of the 9th over - 2 runs, 3 hits, 0 errors, 3 left on base; Sioux Falls 5 - Forest City 2
BOTTOM OF THE 9TH
Forest City Warriors batting - Pitching for Sioux Falls Red Pandas : RHP Edmond McCord
Pitching: RHP Cristián Moreno
Now at C: Saikaku Furukawa
Batting: RHB Roland Thomas 0-0: Ball
1-0: Fly out, F9 (Flyball, 9LS, EV 94.4 MPH)
Batting: LHB Ben Walters 0-0: Fly out, F6 (Line Drive, 6, EV 73.1 MPH)
Batting: RHB Clay Myers 0-0: SINGLE (Groundball, 5S, EV 70.0 MPH) (infield hit)
Batting: RHB Tim Hendricks 0-0: Ball
1-0: Fly out, F9 (Flyball, 9S, EV 87.5 MPH)
Bottom of the 9th over - 0 runs, 1 hit, 0 errors, 1 left on base; Sioux Falls 5 - Forest City 2
Monday, October 31st , 2022 - OOTP Baseball 22.12 Build 89